 Seeded DCSS version 0.28-a0-1555-g9ae15a6949 (webtiles) character file.

Game seed: 3632949731941055012 (custom seed)

9 knot the Skirmisher (level 2, 24/24 HPs)
             Began as a Demonspawn Berserker on Jan 19, 2022.
             Was a Follower of Trog.
             Quit the game on level 1 of the Dungeon.
             The game lasted 00:00:19 (438 turns).

knot the Skirmisher (Demonspawn Berserker)           Turns: 438, Time: 00:00:19

Health: 24/24      AC:  2    Str: 17    XL:     2   Next: 3%
Magic:  2/2        EV: 12    Int:  8    God:    Trog [*.....]
Gold:   10         SH:  0    Dex: 12    Spells: 1/1 levels left

rFire   . . .      SeeInvis .   a - +0 hand axe
rCold   . . .      Faith    .   (no shield)
rNeg    . . .      Spirit   .   b - +0 animal skin
rPois   .          Reflect  .   (no helmet)
rElec   .          Harm     .   (no cloak)
rCorr   .          Rampage  .   (no gloves)
Will    .....                   (no boots)
Stlth   +.........              c - amulet of magic regeneration
HPRegen 0.08/turn               (no ring)
MPRegen 0.48/turn               (no ring)

@: no status effects
A: powered by pain 1
a: Renounce Religion, Berserk


You were on level 1 of the Dungeon.
You worshipped Trog.
Trog was aware of your devotion.
You visited 1 branch of the dungeon, and saw 1 of its levels.

You collected 10 gold pieces.

Inventory:

Hand Weapons
 a - a +0 hand axe (weapon)
Armour
 b - a +0 animal skin (worn)
Jewellery
 c - an amulet of magic regeneration (around neck)
Scrolls
 d - a scroll of summoning {unknown}


   Skills:
 + Level 3.1 Fighting
 + Level 2.8 Axes
 + Level 2.0 Armour
 + Level 2.0 Dodging


You had one spell level left.
You didn't know any spells.
Your spell library was empty.

Dungeon Overview and Level Annotations

Branches:
Dungeon (1/15)

Altars:


Innate Abilities, Weirdness & Mutations

You sometimes gain a little power by taking damage.


Message History

A bat is nearby!
A bat is nearby!
You barely miss the bat. The bat closely misses you.
The bat hits you but does no damage.
You hit the bat.
The bat is severely wounded.
The bat barely misses you. The bat hits you but does no damage.
You closely miss the bat.
The bat is severely wounded.
The bat hits you. The bat hits you but does no damage.
The bat barely misses you.
You miss the bat.
The bat is moderately wounded.
The bat barely misses you. The bat hits you. The bat closely misses you.
You hit the bat.
You kill the bat!
Trog accepts your kill.
Your Armour skill increases to level 2!
Your Dodging skill increases to level 2!
No target in view!
No target in view!
No target in view!
A quokka comes into view.
A quokka is nearby!
The quokka twitches its whiskers.
You miss the quokka. The quokka misses you.
You barely miss the quokka. The quokka closely misses you.
You hit the quokka.
The quokka is moderately wounded.
The quokka misses you. The quokka barely misses you.
You hit the quokka.
You kill the quokka!
Trog accepts your kill.
You have reached level 2!
Your demonic ancestry asserts itself...
You feel energised by your suffering.
Are you sure you want to abandon this character and quit the game? (Confirm with "yes".)

#..#........#..#.#
#........##.......
###.#.###.####......#
#.......#.####.....##
#.#..................
###.#.#########.####
#.#.#### .# #......#
###@##.# #..# # .....
...##..# ....# ....
...# #^... ..# .^.#.
.# #..#.#


There were no monsters in sight!

Vanquished Creatures
  A bat (D:1)
  An endoplasm (D:1)
  A giant cockroach (D:1)
  A hobgoblin (D:1)
  2 quokkas (D:1)
  A rat (D:1)
7 creatures vanquished.

Notes
Turn   | Place    | Note
-------+----------+-------------------------------------------
     0 | D:1      | knot the Demonspawn Berserker began the quest for the Orb.
     0 | D:1      | Reached XP level 1. HP: 18/18 MP: 1/1
   438 | D:1      | Gained mutation: You sometimes gain a little power by
                  | taking damage. [demonic ancestry]
   438 | D:1      | Reached XP level 2. HP: 24/24 MP: 2/2
   438 | D:1      | Quit the game

Illustrated notes

Levels and vault maps discovered:
D:1:      psy_arrival_fountain, layout_loops_corners,
          shapermc_ecumenical_altar_rom_forum, minmay_pentomino_q2

Skill      XL: |  1 |
---------------+----+-----
Armour         | 2 |  2.0
Dodging        | 2 |  2.0
Fighting       | |  3.1
Axes           | |  2.8

Action                   || total
-------------------------++-------
Melee: Hand axe          ||    33
Armor: Animal skin       ||     8
Dodge: Dodged            ||    26

Table legend: (Time is in decaauts)
 A = Elapsed time spent in this place.
 B = Non-inter-level travel time spent in this place.
 C = Inter-level travel time spent in this place.
 D = Time resting spent in this place.
 E = Time spent auto-exploring this place.
 F = Levels seen in this place.
 G = Mean time per level.
                   A        B        C        D        E       F      G
               +--------+--------+--------+--------+--------+-----+--------+
         Total |    443 |    443 |      0 |      0 |    367 |   1 |  443.0 |
       Dungeon |    443 |    443 |      0 |      0 |    367 |   1 |  443.0 |
               +--------+--------+--------+--------+--------+-----+--------+

Top non-repeatable levels by time:
     D:1: 443 daAuts
